 Dungeon Crawl Stone Soup version 0.30-b1-2-g02819fbbbe (webtiles) character file.

Game seed: 530970458406377407

117849 Mesmaeker13 the Warrior (level 16, -5/141 HPs)
             Began as a Barachi Hunter on July 31, 2023.
             Was a High Priest of Okawaru.
             Slain by Arachne
             ... wielding a staff of poison
              (13 damage)
             ... on level 2 of the Spider Nest.
             The game lasted 01:17:00 (25849 turns).

Mesmaeker13 the Warrior (Barachi Hunter)           Turns: 25849, Time: 01:17:00

Health: -5/141     AC: 22    Str: 17    XL:     16   Next: 75%
Magic:  32/32      EV: 18    Int: 14    God:    Okawaru [*****.]
Gold:   2124       SH:  0    Dex: 27    Spells: 12/15 levels left

rFire   + . .        q - +5 triple crossbow (heavy)
rCold   + . .        (shield currently unavailable)
rNeg    + + .        T - +3 troll leather armour {Snorg}
rPois   .            c - +2 helmet
rElec   .            y - scarf of Insurance {rC+ rF+, rN+ rCorr MP+9 Str+3}
rCorr   +            v - +0 pair of gloves
SInv    .            H - +2 pair of boots of Serendipity {rN+ Int+3}
Will    +....        b - amulet of faith
Stlth   ++           F - +6 ring of dexterity
HPRegen 1.23/turn    D - +4 ring of protection
MPRegen 0.23/turn

%: faith
@: slow
A: amphibious, slowness 1, strong legs 2, +LOS
a: Hop, Renounce Religion, Heroism, Finesse, Duel


You were on level 2 of the Spider Nest.
You worshipped Okawaru.
Okawaru was extremely pleased with you.
You visited 5 branches of the dungeon, and saw 25 of its levels.
You also visited: Bailey, Gauntlet and Volcano.

You collected 2329 gold pieces.
You spent 205 gold pieces at shops.

Inventory:

Hand Weapons
 a - the +2 longbow of Makhleb's Supremacy {flame, rPois Will+ MP+9}
   (You acquired it on level 7 of the Dungeon)

   rPois:     It protects you from poison.
   MP:        It affects your magic capacity (+9).
   Will:      It increases your willpower.
 e - a +2 great sword of flaming
 q - a +5 heavy triple crossbow (weapon)
 X - a +1 triple sword of freezing
Missiles
 t - 16 curare-tipped darts
Armour
 c - a +2 helmet (worn)
 j - a +2 scale mail of fire resistance
 r - a +0 cloak of willpower
 v - a +0 pair of gloves (worn)
 y - the scarf of Insurance (worn) {rC+ rF+, rN+ rCorr MP+9 Str+3}
   (Okawaru gifted it to you on level 2 of the Lair of Beasts)

   Str:       It affects your strength (+3).
   rN:        It protects you from negative energy.
   MP:        It affects your magic capacity (+9).
   rCorr:     It protects you from acid and corrosion.
 H - the +2 pair of boots of Serendipity (worn) {rN+ Int+3}
   (You found it on level 4 of the Lair of Beasts)

   Int:       It affects your intelligence (+3).
   rN:        It protects you from negative energy.
 P - the +6 scale mail of Rajuam {rElec rF++ Will- SInv}
   (You took it off a minotaur in a Gauntlet)

   rF:        It greatly protects you from fire.
   rElec:     It insulates you from electricity.
   SInv:      It lets you see invisible.
   Will:      It decreases your willpower.
 T - a +3 troll leather armour (worn) {Snorg}
Jewellery
 b - an amulet of faith (around neck)
 s - a ring of protection from cold
 D - a +4 ring of protection (right hand)
 E - the ring of Ydotacw {Drain +Blink Fly Str+6 SInv}
   (You found it on level 7 of the Dungeon)

   [ring of flight]

   Str:       It affects your strength (+6).
   SInv:      It lets you see invisible.
   Fly:       It grants you flight.
   +Blink:    It lets you blink.
   Drain:     It drains your maximum health when unequipped.
 F - a +6 ring of dexterity (left hand)
 M - the ring of Agruxky {Contam Fly rPois rC+ rN++}
   (You found it in a Gauntlet)

   [ring of flight]

   rC:        It protects you from cold.
   rPois:     It protects you from poison.
   rN:        It greatly protects you from negative energy.
   Fly:       It grants you flight.
   Contam:    It causes magical contamination when unequipped.
 Q - a ring of resist corrosion
Wands
 k - a wand of digging (27)
 J - a wand of iceblast (12)
 V - a wand of flame (5)
Scrolls
 f - 3 scrolls of blinking
 g - 5 scrolls of magic mapping
 h - a scroll of amnesia
 i - a scroll of brand weapon
 l - 2 scrolls of vulnerability
 m - 4 scrolls of teleportation
 o - 2 scrolls of torment
 u - a scroll of enchant armour
 B - 8 scrolls of fog
 N - 3 scrolls of fear
 U - a scroll of silence
Potions
 d - 5 potions of heal wounds
 n - 6 potions of lignification
 w - 10 potions of haste
 z - a potion of attraction {unknown}
 A - a potion of ambrosia
 C - 3 potions of cancellation
 G - a potion of experience {unknown}
 I - 7 potions of might
 K - a potion of resistance {unknown}
 O - a potion of brilliance
 Z - 7 potions of curing
Miscellaneous
 x - a lightning rod (2/4)
 L - a phantom mirror
 S - a phial of floods


   Skills:
 + Level 17.0 Fighting
 + Level 11.6 Long Blades
 + Level 14.8 Ranged Weapons
 - Level 15.3 Armour
 + Level 7.1 Dodging
 - Level 0.8 Stealth
 + Level 3.2 Air Magic
 - Level 10.3 Invocations
 - Level 9.0 Evocations


You had 12 spell levels left.
You knew the following spells:

 Your Spells              Type           Power      Damage    Failure   Level
a - Swiftness             Air            9%         N/A       26%         3

Your spell library contained the following spells:

 Spells                   Type           Power      Damage    Failure   Level
 Shock                    Conj/Air       16%        1d4       17%         1
 Apportation              Tloc           0%         N/A       32%         1
 Magic Dart               Conj           0%         1d3       32%         1
 Vhi's Electric Charge    Tloc/Air       8%         N/A       45%         3
 Mephitic Cloud           Conj/Pois/Air  3%         N/A       52%         3
 Airstrike                Air            4%         2d(1-17)  63%         4
 Dazzling Flash           Conj/Hex       0%         N/A       67%         3
 Ozocubu's Armour         Ice            0%         N/A       67%         3
 Leda's Liquefaction      Hex/Erth       0%         N/A       97%         4
 Arcjolt                  Conj/Air       2%         1d12      99%         5
 Silence                  Hex/Air        2%         N/A       99%         5
 Agony                    Necr           0%         N/A       100%        5
 Alistair's Intoxication  Tmut/Pois      0%         N/A       100%        5
 Iskenderun's Battlesphe  Conj           0%         2d6       100%        5
 Lee's Rapid Deconstruct  Erth           0%         3d4*      100%        5
 Metabolic Englaciation   Hex/Ice        0%         N/A       100%        5
 Iron Shot                Conj/Erth      0%         9d1       100%        6
 Plasma Beam              Fire/Air       2%         2x1d13    100%        6
 Statue Form              Tmut/Erth      0%         N/A       100%        6
 Call Imp                 Summ           Unusable   N/A       N/A         2
 Simulacrum               Ice/Necr       Unusable   N/A       N/A         6
 Spellforged Servitor     Conj/Summ      Unusable   N/A       N/A         7

Dungeon Overview and Level Annotations

Branches:
Dungeon (15/15)            Temple (1/1) D:4            Lair (5/5) D:10
 Shoals (0/4) Lair:2       Spider (2/4) Lair:2        Slime (0/5) Lair:5
    Orc (2/2) D:12            Elf (0/3) Orc:2        Vaults (0/5) D:14
 Bailey (visited)         Volcano (visited)         Gauntlet (visited)
 Depths: D:15

Altars:
Ashenzari
Cheibriados
Dithmenos
Elyvilon
Fedhas
Gozag
Hepliaklqana
Kikubaaqudgha
Makhleb
Nemelex Xobeh
Okawaru
Qazlal
Ru
Sif Muna
Trog
Uskayaw
Vehumet
Wu Jian
Xom
Yredelemnul
Zin
The Shining One
Jiyva
Lugonu

Shops:
D:10 *   D:11 ?   Orc:1 *   Orc:2 !*=[=

Portals:
Abyss: Lair:5
Pandemonium: Orc:2

Annotations:
D:2 1 runed translucent door, Crazy Yiuf
D:5 Duvessa
D:8 3 runed translucent doors
Lair:5 1 exclusion
Spider:2 Arachne


Innate Abilities, Weirdness & Mutations

You are amphibious.
You cover ground slowly.
You can hop long distances.
You have an extended range of vision and can be seen from far away.


Message History

You are caught in a web!
Unknown command.
You cannot shoot with your triple crossbow while caught in a web.
Unknown command.
Unknown command.
The web tears apart.
Arachne stares at you and mumbles some strange words.
The poison arrow misses you.
You shoot a bolt. The bolt hits Arachne!
Arachne is heavily wounded.
Arachne stares at you and mumbles some strange words.
The poison arrow hits you!!!
You are poisoned.
Arachne drinks a potion.
Arachne seems to grow stronger.
Arachne's staff shoots out a stream of webbing.
The stream of webbing hits you but does no damage.
You are caught in a web!
Arachne barely misses you.
You are caught in a web!
Unknown command.
The web tears apart.
You feel very sick.
Arachne points her staff at you, shooting a stream of webbing.
The stream of webbing hits you but does no damage.
You are caught in a web!
Arachne hits you but does no damage. Arachne envenoms you!!
You are more poisoned.
You cannot do that while caught in a web.
The web tears apart.
You feel very sick.
Arachne hits you with a staff of poison!!
* * * LOW HITPOINT WARNING * * *
Arachne envenoms you!!
* * * LOW HITPOINT WARNING * * *
You are more poisoned.
You feel better.
Arachne says, "You'll find yourself a bit attached to my weave."
Arachne hits you with a staff of poison!
* * * LOW HITPOINT WARNING * * *
Arachne envenoms you!
You die...

.#. ##....## .#.
#..<### ..
#...^### ..
##.....# #.
#####...## #.
#.#...### ##.##
##.....## #...#
#.......#
##..####.H@#####
##.....#....#
#†...†....†.#
#..###.....##
#.. #.#..###
#... #......#
#.. ##....## .†.
##..## .... #.##


You could see Arachne (strong).

Vanquished Creatures
  Rupert (D:13)
  Jorgrun (D:13)
  Agnes (D:14)
  A minotaur (Gauntlet)
  2 spark wasps
  Snorg (D:11)
  A fire dragon (Volcano)
  2 entropy weavers (Spider:1)
  A ghost crab (Gauntlet)
  6 vault guards (D:14)
  4 centaur warriors
  2 hydras
  2 radroaches
  2 demonspawn (Orc:2)
  4 boulder beetles
  4 two-headed ogres
  A tengu warrior (D:14)
  2 sun demons (Orc:2)
  3 orc high priests (Orc:2)
  3 thrashing horrors (Lair:5)
  Amaemon (D:8)
  A skyshark (Lair:5)
  4 skeletal warriors
  2 pharaoh ants (Spider:2)
  3 orb spiders
  2 deep elf pyromancers
  5 lindwurms
  5 orc knights
  4 wolf spiders
  5 cyclopes
  8 orc sorcerers (Orc:2)
  12 ugly things
  4 steelbarb worms
  4 manticores
  An oklob plant (D:10)
  A centaur zombie (D:10)
  16 elephants
  4 smoke demons
  Maurice (D:13)
  4 black mambas
  A cane toad (shapeshifter) (Lair:5)
  An orange demon (D:8)
  3 torpor snails
  A demonic crawler (Spider:1)
  A gargoyle (D:10)
  12 cane toads
  5 rime drakes
  An unseen horror zombie (D:10)
  A kobold demonologist (D:12)
  10 komodo dragons
  3 ancient zymes (Lair:5)
  8 trolls
  2 hellwings (Orc:2)
  7 polar bears
  A hornet (Lair:3)
  5 tarantellas
  3 meliai (Gauntlet)
  38 blink frogs
  6 jumping spiders
  A ynoxinul (Lair:5)
  A slime creature (D:12)
  A shadow (D:11)
  3 wyverns
  A spriggan (Lair:5)
  3 culicivoras
  A vampire (D:14)
  13 small abominations (Lair:5)
  6 humans (D:14)
  3 wraiths
  70 yaks
  4 fire bats (Lair:2)
  5 basilisks
  17 redbacks
  3 chaos spawn
  2 wargs (D:12)
  3 vampire mosquitoes (D:12)
  7 steam dragons
  An acid dragon (D:12)
  13 water moccasins
  3 hell hounds (Volcano)
  2 black bears (D:7)
  27 orc warriors
  2 sky beasts
  10 ice beasts
  3 ogres (Orc:1)
  15 wolves
  3 centaurs
  A phantom (D:5)
  7 kobold brigands
  Blork the orc (D:4)
  14 bullfrogs
  A gnoll sergeant (D:9)
  4 scorpions
  3 wights (D:6)
  9 killer bees (D:9)
  7 electric eels
  4 howler monkeys
  An iron imp (D:3)
  9 jellies (D:10)
  2 gnoll boudas
  21 orc priests
  5 hounds
  A sleepcap (D:4)
  Ijyb (D:4)
  An iguana (D:4)
  17 orc wizards
  27 gnolls
  7 adders
  3 white imps
  2 worms (D:2)
  A dart slug (D:2)
  77 orcs
  20 endoplasms
  5 giant cockroaches
  11 goblins
  5 hobgoblins
  4 jackals (D:1)
  A quokka (D:1)
  4 ball pythons
  6 bats
  6 frilled lizards
  24 kobolds
  6 rats
781 creatures vanquished.

Vanquished Creatures (collateral kills)
  Dowan (D:6)
1 creature vanquished.

Vanquished Creatures (others)
  An orc wizard (D:7)
  28 fungi
  26 plants
  14 withered plants (Gauntlet)
69 creatures vanquished.

Grand Total: 851 creatures vanquished

Notes
Turn   | Place    | Note
-------+----------+-------------------------------------------
     0 | D:1      | Mesmaeker13 the Barachi Hunter began the quest for the Orb.
     0 | D:1      | Reached XP level 1. HP: 17/17 MP: 1/1
   122 | D:1      | Reached XP level 2. HP: 23/23 MP: 2/2
   255 | D:1      | Reached skill level 3 in Fighting
   401 | D:1      | Reached XP level 3. HP: 29/29 MP: 3/3
   887 | D:2      | Reached XP level 4. HP: 35/35 MP: 4/4
  1036 | D:2      | Identified the +6 shortbow "Frog's Regret" {heavy, +Blink
                  | rElec rN+ Dex+3}
  1520 | D:2      | Found a runed translucent door.
  1521 | D:2      | Noticed Crazy Yiuf
  1596 | D:3      | Found a shadowy altar of Dithmenos.
  1610 | D:3      | Found a radiant altar of Vehumet.
  1699 | D:3      | Found a stormy altar of Qazlal.
  1748 | D:3      | Found an ornate altar of the Wu Jian Council.
  2085 | D:3      | Reached skill level 4 in Fighting
  2085 | D:3      | Reached XP level 5. HP: 37/42 MP: 5/5
  2137 | D:3      | Found a snail-covered altar of Cheibriados.
  2442 | D:4      | Found a staircase to the Ecumenical Temple.
  2452 | Temple   | Entered the Ecumenical Temple
  2630 | D:4      | Noticed Ijyb
  2640 | D:4      | Killed Ijyb
  2641 | D:4      | Reached skill level 5 in Ranged Weapons
  2922 | D:4      | Reached XP level 6. HP: 28/49 MP: 6/6
  3079 | D:4      | Noticed Blork the orc
  3089 | D:4      | Killed Blork the orc
  3182 | D:3      | Reached skill level 5 in Fighting
  3182 | D:3      | Reached skill level 1 in Evocations
  3459 | D:4      | Found an iron altar of Okawaru.
  3786 | D:5      | Entered Level 5 of the Dungeon
  3804 | D:5      | Reached XP level 7. HP: 46/56 MP: 7/7
  3998 | D:5      | Reached skill level 5 in Dodging
  4265 | D:6      | HP: 2/56 [something (6)]
  4266 | D:6      | Noticed Duvessa
  4602 | D:5      | Reached skill level 6 in Fighting
  5021 | D:6      | Found a hazy altar of Hepliaklqana.
  5046 | D:6      | Identified a scroll of acquirement
  5056 | D:6      | Noticed Dowan
  5067 | D:6      | Acquired a +1 arbalest of flaming
  5235 | D:6      | Reached XP level 8. HP: 64/64 MP: 8/8
  5550 | D:7      | Reached skill level 1 in Armour
  5804 | D:7      | Reached skill level 7 in Fighting
  5938 | D:7      | Reached XP level 9. HP: 56/72 MP: 9/9
  6066 | D:7      | Reached skill level 5 in Evocations
  6615 | D:7      | Identified the ring of Ydotacw {Drain +Blink Fly Str+6
                  | SInv}
  6793 | D:7      | Acquired the +2 longbow of Makhleb's Supremacy {flame,
                  | rPois Will+ MP+9}
  6830 | D:8      | Found a flagged portal.
  6847 | Bailey   | Entered a bailey
  6860 | Bailey   | Reached skill level 8 in Fighting
  7062 | Bailey   | Noticed an orc knight
  7073 | Bailey   | Killed an orc knight
  7347 | D:8      | Reached skill level 5 in Armour
  7537 | D:8      | Reached XP level 10. HP: 53/82 MP: 10/10
  7543 | D:8      | Reached skill level 9 in Fighting
  7676 | D:8      | Found a runed translucent gate.
  7677 | D:8      | Found a runed translucent gate.
  7678 | D:8      | Found a runed translucent gate.
  7678 | D:8      | Noticed a purple ugly thing
  7680 | D:8      | Noticed a green ugly thing
  7681 | D:8      | Noticed a purple ugly thing
  7837 | D:8      | Noticed Amaemon
  7837 | D:8      | Noticed an orange demon
  7915 | D:8      | Killed an orange demon
  7956 | D:8      | Killed Amaemon
  8081 | D:8      | Found a hide-covered altar of Uskayaw.
  8359 | D:6      | Killed Dowan
  8393 | D:4      | Became a worshipper of Warmaster Okawaru
  8751 | D:6      | Found a sparkling altar of Nemelex Xobeh.
  8751 | D:6      | Found a shimmering blue altar of Sif Muna.
  9363 | D:9      | Reached skill level 1 in Invocations
  9408 | D:9      | Reached * piety under Okawaru
 10041 | D:9      | Found a blossoming altar of Fedhas.
 10067 | D:9      | Reached skill level 10 in Fighting
 10264 | D:9      | Noticed a centaur warrior
 10279 | D:9      | Killed a centaur warrior
 10279 | D:9      | Reached ** piety under Okawaru
 10280 | D:9      | Reached XP level 11. HP: 47/91 MP: 12/12
 10409 | D:10     | Entered Level 10 of the Dungeon
 10634 | D:10     | Found a basalt altar of Yredelemnul.
 10861 | D:10     | Found a staircase to the Lair.
 10868 | D:10     | Reached *** piety under Okawaru
 11038 | D:10     | Found Plog's CLEARANCE SALE!.
 11070 | D:10     | Bought a scroll of enchant weapon for 52 gold pieces
 11087 | D:10     | Reached skill level 11 in Fighting
 11294 | D:10     | Noticed an oklob plant
 11306 | D:10     | Reached skill level 10 in Ranged Weapons
 11343 | D:10     | Killed an oklob plant
 11343 | D:10     | Reached **** piety under Okawaru
 11621 | D:11     | Learned a level 3 spell: Swiftness
 11930 | D:11     | Noticed a two-headed ogre
 11935 | D:11     | Noticed a boulder beetle
 11936 | D:11     | Killed a two-headed ogre
 11948 | D:11     | Killed a boulder beetle
 11949 | D:11     | Reached XP level 12. HP: 100/100 MP: 15/15
 12047 | D:11     | Noticed Snorg
 12077 | D:11     | Killed Snorg
 12078 | D:11     | Reached skill level 5 in Invocations
 12463 | D:11     | Found Zurhyshr Just's Magic Scroll Emporium.
 12470 | D:11     | Bought 2 scrolls of identify for 56 gold pieces
 12671 | Lair:1   | Entered Level 1 of the Lair of Beasts
 12700 | D:10     | Reached ***** piety under Okawaru
 12754 | Lair:1   | Reached skill level 12 in Fighting
 12763 | Lair:1   | Reached skill level 10 in Armour
 12824 | Lair:1   | Received a gift from Okawaru
 13598 | Lair:2   | Found a dark tunnel.
 13613 | Volcano  | Entered a volcano
 13838 | Volcano  | Gained mutation: You can hop long distances. [Barachi
                  | growth]
 13838 | Volcano  | Reached XP level 13. HP: 89/109 MP: 18/18
 13900 | Volcano  | Noticed a fire dragon
 13914 | Volcano  | Killed a fire dragon
 13915 | Volcano  | Reached skill level 13 in Fighting
 14173 | Lair:2   | Reached skill level 1 in Long Blades
 14332 | Lair:2   | Found a hole to the Spider Nest.
 14597 | Lair:2   | Identified the scarf of Insurance {rC+ rF+, rN+ rCorr MP+9
                  | Str+3} (Okawaru gifted it to you on level 2 of the Lair of
                  | Beasts)
 14597 | Lair:2   | Received a gift from Okawaru
 14628 | Lair:2   | Found a staircase to the Shoals.
 15837 | Lair:4   | Identified the +2 pair of boots of Serendipity {rN+ Int+3}
 15922 | Lair:4   | Reached skill level 5 in Long Blades
 15934 | Lair:4   | Received a gift from Okawaru
 15954 | Lair:4   | Reached skill level 14 in Fighting
 16046 | Lair:4   | Found a gate leading to a gauntlet.
 16056 | Gauntlet | Entered a Gauntlet
 16056 | Gauntlet | Found a transporter.
 16058 | Gauntlet | Found a runed translucent door.
 16059 | Gauntlet | Found a transporter.
 16083 | Gauntlet | Found a transporter.
 16084 | Gauntlet | Found a transporter.
 16099 | Gauntlet | Found a transporter.
 16113 | Gauntlet | Found a transporter.
 16129 | Gauntlet | Found a transporter.
 16144 | Gauntlet | Found a transporter.
 16147 | Gauntlet | Found a transporter.
 16159 | Gauntlet | Found a transporter.
 16179 | Gauntlet | Found a transporter.
 16180 | Gauntlet | Found a transporter.
 16237 | Gauntlet | Reached XP level 14. HP: 91/120 MP: 20/20
 16249 | Gauntlet | Identified the +1 cloak of Piamarag {Harm rF+ Dex+3}
 16276 | Gauntlet | Identified the ring of Agruxky {Contam Fly rPois rC+ rN++}
 16300 | Gauntlet | Identified the +0 spear "Woeseec" {spect, Fragile rF+ rN+
                  | Int+4}
 16300 | Gauntlet | Identified the +6 scale mail of Rajuam {rElec rF++ Will-
                  | SInv}
 16508 | Lair:4   | Found a bloodstained altar of Trog.
 16932 | Lair:4   | Identified the +2 robe "Xoojosed" {rF+ rC+ rCorr Str+3}
 17240 | Lair:5   | Entered Level 5 of the Lair of Beasts
 17311 | Lair:5   | Reached ****** piety under Okawaru
 17812 | Lair:5   | Received a gift from Okawaru
 17871 | Lair:5   | Found a staircase to the Slime Pits.
 17874 | Lair:5   | Found a viscous altar of Jiyva.
 18084 | Lair:5   | Reached skill level 15 in Fighting
 18501 | Lair:5   | Reached XP level 15. HP: 129/129 MP: 21/21
 18560 | Lair:5   | Received a gift from Okawaru
 18712 | Lair:5   | Found a corrupted altar of Lugonu.
 18712 | Lair:5   | Found a one-way gate to the infinite horrors of the Abyss.
 19584 | D:12     | Found a staircase to the Orcish Mines.
 20117 | D:13     | Found a shimmering blue altar of Sif Muna.
 20132 | D:13     | Noticed Maurice
 20132 | D:13     | Noticed Jorgrun
 20143 | D:13     | Killed Jorgrun
 20143 | D:13     | Identified the +1 chain mail "Omenie" {rN+} (Okawaru gifted
                  | it to you on level 13 of the Dungeon)
 20143 | D:13     | Received a gift from Okawaru
 20144 | D:13     | Killed Maurice
 20245 | D:13     | Noticed Rupert
 20253 | D:13     | Killed Rupert
 20797 | Orc:1    | Entered Level 1 of the Orcish Mines
 20876 | Orc:1    | Reached skill level 10 in Invocations
 21054 | Orc:1    | Found Nuopip's Gadget Gallery.
 21258 | Orc:2    | Entered Level 2 of the Orcish Mines
 21303 | Orc:2    | Found Mienteal's Jewellery Shoppe.
 21359 | Orc:2    | Found a staircase to the Elven Halls.
 21632 | Orc:2    | Found Mimo's General Store.
 21724 | Orc:2    | Found Uneos's Distillery.
 21946 | Orc:2    | Reached skill level 16 in Fighting
 21996 | Orc:2    | Bought a scroll of enchant weapon for 97 gold pieces
 22364 | Orc:2    | Reached skill level 10 in Long Blades
 22369 | Orc:2    | Identified the +0 pair of gloves of Gopn {Rampage rC- rN+++
                  | Int-4} (Okawaru gifted it to you on level 2 of the Orcish
                  | Mines)
 22369 | Orc:2    | Received a gift from Okawaru
 22384 | Orc:2    | Paralysed by an orc sorcerer for 3 turns
 22388 | Orc:2    | Paralysed by an orc sorcerer for 4 turns
 22407 | Orc:2    | Found Merad's Antique Armour Boutique.
 22407 | Orc:2    | Found Qeetaw's Jewellery Shop.
 22408 | Orc:2    | Found a one-way gate leading to the halls of Pandemonium.
 22533 | D:14     | Noticed Agnes
 22537 | D:14     | Killed Agnes
 22538 | D:14     | Reached XP level 16. HP: 85/138 MP: 23/23
 22790 | D:14     | Reached skill level 15 in Armour
 23342 | D:14     | Found a gate to the Vaults.
 24054 | D:15     | Entered Level 15 of the Dungeon
 24529 | Spider:1 | Entered Level 1 of the Spider Nest
 24822 | Spider:1 | Reached skill level 1 in Air Magic
 25565 | Spider:2 | Noticed Arachne
 25581 | Spider:2 | Received a gift from Okawaru
 25673 | Spider:2 | Reached skill level 17 in Fighting
 25849 | Spider:2 | Slain by Arachne

Illustrated notes

Levels and vault maps discovered:
D:1:      mrwooster_arrival_arrow, layout_loops_ring, nrook_mini_backslash,
          minmay_tetromino_s4
D:2:      layout_basic, uniq_crazy_yiuf_cottage
D:3:      layout_basic, mainiacjoe_overflow_catwalk, slow_altar_2,
          nicolae_overflow_squiral, nicolae_qazlal_general_emergency,
          serial_glass, glass_columns_b, glass_columns_a
D:4:      layout_cave_pools, lemuel_tele_altar,
          minmay_temple_entry_drinking_statues, kennysheep_small_square,
          uniq_blork_the_orc, uniq_ijyb
D:5:      layout_rooms
D:6:      layout_basic, mainiacjoe_overflow_concentric_impassable,
          nicolae_overflow_two_pavilions, uniq_duvessa
D:7:      statuecave_lemuel, layout_loops_ring
D:8:      layout_basic, nicolae_overflow_crystal_walls,
          ploomutoo_gammafunk_ghost_potion_laboratory, enter_bailey_3,
          uniq_amaemon
D:9:      layout_stronghold, fedhas_altar_fruit_tree, kennysheep_small_circle
D:10:     lemuel_slime, layout_basic, lemuel_zombie_altar_yredelemnul,
          hellmonk_lair_entry_icy, nicolae_shop_clearance
D:11:     layout_loops_cross, serial_shops, shop, kennysheep_generic_room_7,
          uniq_snorg
D:12:     layout_roguey, erik_orc_4
D:13:     layout_irregular_city, grunt_ministairs_12, lemuel_blue_sif_altar,
          uniq_maurice, uniq_jorgrun, uniq_rupert
D:14:     layout_layer_cave, ximxim_vaults_locker_room, minmay_misc_feat_five,
          uniq_agnes
D:15:     grunt_enter_depths_magical_seal, layout_cave_pools, serial_ice,
          serial_ice_j, serial_ice_b, serial_ice_g, serial_ice_c, serial_ice_o,
          serial_ice_f, serial_shops, nicolae_shop_pleasant_corner_grove,
          chequers_serial_rivers_large_b, uniq_kirke, uniq_roxanne
Temple:   hellmonk_temple_flake
Lair:1:   layout_regular_city
Lair:2:   wander_river, layout_gridlike, elwin_shoals_entry_rocks,
          nicolae_spider_entry_orb_guardian, enter_volcano_4,
          serial_bayou_lagoon_b
Lair:3:   layout_chaotic_city, serial_bayou_shore_b
Lair:4:   layout_cave_pods, basic_altar, gauntlet_entry_generic,
          beast_lair_carwin_8
Lair:5:   hellmonk_lair_end_abyssal_woods, layout_hall_layers,
          dpeg_slime_entry_corner, minmay_stone_trees_small, fungi_pond_lemuel,
          serial_bayou_shore_b, grunt_megastairs_3
Spider:1: layout_spider_delve, hangedman_spider_tarantella_strand
Spider:2: layout_spider_delve, nicolae_spider_solar_radiation, uniq_arachne
Orc:1:    layout_caves, nicolae_shop_gadgets
Orc:2:    pf_orc_diabolical, layout_caves, serial_shops,
          nicolae_shop_tiny_waterfront

Skill      XL: |  1  2  3  4  5  6  7  8  9 10 11 12 13 14 15 16 |
---------------+-------------------------------------------------+-----
Fighting       | 3 4 5 6 7 8 10 11 12 14 15 16 17 | 17.0
Dodging        | 3 4 5 6 7 |  7.1
Ranged Weapons | 5 6 7 8 9 10 11 12 13 14 | 14.8
Evocations     | 1 3 4 6 8 9 |  9.0
Armour         | 2 5 7 9 11 12 13 14 15 | 15.3
Invocations    | 2 4 6 8 9 10 | 10.3
Long Blades    | 5 8 10 11 | 11.6
Air Magic      | 3 |  3.2
Stealth        | |  0.8

Action                     |  1- 3 |  4- 6 |  7- 9 | 10-12 | 13-15 | 16-18 || total
---------------------------+-------+-------+-------+-------+-------+-------++-------
  Melee: Dagger            |     7 |    25 |    52 |       |       |       ||    84
         Short sword       |       |    11 |    24 |       |       |       ||    35
         Punch             |       |       |     1 |     1 |       |       ||     2
         Demon whip        |       |       |       |    20 |       |       ||    20
         Spear             |       |       |       |    29 |       |       ||    29
         Great sword       |       |       |       |       |   170 |    34 ||   204
         Longbow           |       |       |       |       |       |     1 ||     1
         Triple crossbow   |       |       |       |       |       |     1 ||     1
   Fire: Shortbow          |    88 |   159 |    40 |       |       |       ||   287
         Arbalest          |       |       |    99 |       |       |       ||    99
         Longbow           |       |       |    69 |   551 |   868 |    96 ||  1584
         Triple crossbow   |       |       |       |       |   151 |   114 ||   265
  Throw: Dart              |       |     5 |     1 |     6 |     1 |       ||    13
 Invoke: Heroism           |       |       |       |     3 |     7 |     1 ||    11
         Finesse           |       |       |       |     2 |     6 |     3 ||    11
Ability: Hop               |       |     2 |     6 |    14 |     5 |     3 ||    30
  Evoke: Wand              |       |    11 |     7 |    25 |    18 |     3 ||    64
         Lightning rod     |       |       |       |       |    13 |     2 ||    15
         Phial of floods   |       |       |       |       |     1 |       ||     1
    Use: Scroll            |       |     4 |     7 |    13 |     7 |     5 ||    36
         Potion            |       |     1 |     7 |     2 |     3 |     2 ||    15
   Stab: Invisible         |       |       |       |     3 |     4 |       ||     7
 Armour: Leather armour    |     6 |    19 |    32 |       |       |       ||    57
         Scale mail        |       |       |    72 |   187 |    17 |       ||   276
         Troll leather arm |       |       |       |    31 |   292 |   112 ||   435
  Dodge: Dodged            |    29 |    59 |   131 |   260 |   532 |   161 ||  1172
